 Dungeon Crawl Stone Soup version 0.22.1-2-g9c5b331 (webtiles) character file.

42 Lui the Skirmisher (level 3, -21/33 HPs)
             Began as a Draconian Chaos Knight on Dec 28, 2018.
             Demolished by a large abomination (39 damage)
             ... on level 2 of the Abyss.
             The game lasted 00:14:51 (1648 turns).

Lui the Skirmisher (Draconian Chaos Knight)         Turns: 1648, Time: 00:14:54

Health: -21/33     AC:  0    Str: 15    XL:     3   Next: 33%
Magic:  3/3        EV: 14    Int: 12    God:    Xom [......]
Gold:   85         SH:  0    Dex: 10    Spells: 2/2 levels left

rFire    . . .     SeeInvis .   (weapon currently unavailable)
rCold    . . .     Gourm    .   (shield currently unavailable)
rNeg     . . .     Faith    .   (armour unavailable)
rPois    .         Spirit   .   (helmet currently unavailable)
rElec    .         Reflect  .   (cloak currently unavailable)
rCorr    .         Harm     .   (gloves currently unavailable)
MR       .....                  (boots currently unavailable)
Stlth    +.........             (no amulet)
HPRegen  0.11/turn              (ring currently unavailable)
MPRegen  0.08/turn              (ring currently unavailable)

@: pig-form, very quick
A: small, unfitting armour, blurry vision 1, wild magic 1, AC +5
a: Renounce Religion


You were on level 2 of the Abyss.
You worshipped Xom.
You were a very special plaything of Xom.
You were full.
You were a filthy swine.
You visited 1 branch of the dungeon, and saw 3 of its levels.
You visited the Abyss 1 time.

You collected 85 gold pieces.

Inventory:

Hand Weapons
 a - a +0 hand axe of chaos (melded)
Missiles
 d - 24 arrows
Armour
 g - a +2 pair of gloves (melded)
Jewellery
 c - a ring of positive energy (melded)
Scrolls
 e - a scroll of remove curse
 f - 2 scrolls of enchant armour
 j - a scroll of magic mapping
Comestibles
 b - 6 rations


   Skills:
 + Level 4.1 Fighting
 + Level 3.5 Axes
 + Level 2.3 Dodging
 + Level 0.3 Stealth


You had 2 spell levels left.
You didn't know any spells.
Your spell library was empty.

Dungeon Overview and Level Annotations

Branches:
Dungeon (3/15)

Altars:
Ru

Annotations:
D:3 Terence


Innate Abilities, Weirdness & Mutations

((Your plain brown scales are hard. (AC +5)))
You cannot fit into any form of body armour.
((You are cold-blooded and may be slowed by cold attacks.))
Scrolls take you a little longer to read.
Your spells are a little harder to cast, but a little more powerful.


Message History

The small abomination is engulfed in seething chaos.
The small abomination hits you.
The large abomination is engulfed in seething chaos.
The large abomination flickers and vanishes!
Something hits you!
You feel better.
You are engulfed in seething chaos.
You turn into a filthy swine.
Your +0 hand axe of chaos melds into your body.
Your +2 pair of gloves melds into your body.
Your ring of positive energy melds into your body.
Your butterfly is engulfed in seething chaos.
Your butterfly seems to slow down.
Your butterfly is engulfed in seething chaos.
The small abomination is engulfed in seething chaos.
The small abomination seems to slow down.
The small abomination closely misses you.
Something hits you!!!
Ouch! That really hurt!
You die...
Xom chuckles heartily!

###
.≈$
#.#
##.##
...
#b#
##x##


#bhb# ##{## #.# b.. ##.## #.# $≈. ### You could see a small abomination.

Vanquished Creatures
  2 adders (D:2)
  A dart slug (D:1)
  2 leopard geckos
  2 bats
  2 giant cockroaches
  2 hobgoblins
  5 kobolds
  A quokka (D:2)
  3 frilled lizards
  2 rats
22 creatures vanquished.

Notes
Turn   | Place    | Note
-------+----------+-------------------------------------------
     0 | D:1      | Lui the Draconian Chaos Knight began the quest for the Orb.
     0 | D:1      | Reached XP level 1. HP: 19/19 MP: 1/1
   116 | D:1      | Reached XP level 2. HP: 25/27 MP: 2/2
   762 | D:1      | XOM: noise
   998 | D:2      | Reached skill level 4 in Fighting
  1011 | D:2      | Reached XP level 3. HP: 33/33 MP: 3/3
  1019 | D:2      | Found a sacrificial altar of Ru.
  1049 | D:2      | XOM: give mutations
  1049 | D:2      | Gained mutation: Scrolls take you a little longer to read.
                  | [Xom's mischief]
  1049 | D:2      | Gained mutation: Your spells are a little harder to cast,
                  | but a little more powerful. [Xom's mischief]
  1071 | D:2      | XOM: 4-stop teleportation journey
  1234 | D:2      | XOM: harmless Necr miscast
  1418 | D:3      | Noticed Terence
  1434 | D:3      | XOM: smoke on damage
  1636 | D:2      | XOM: severe Summ miscast
  1636 | D:2      | Cast into level 2 of the Abyss (the severe capriciousness
                  | of Xom)
  1637 | Abyss:2  | Noticed a small abomination
  1637 | Abyss:2  | Noticed a large abomination
  1641 | Abyss:2  | XOM: chaos cloud
  1646 | Abyss:2  | XOM: butterfly on damage
  1648 | Abyss:2  | Demolished by a large abomination

Skill      XL: |  1  2 |
---------------+-------+-----
Fighting       | 4 |  4.1
Axes           | |  3.5
Dodging        | |  2.3
Stealth        | |  0.3

Action                   || total
-------------------------++-------
Melee: Hand axe          ||    62
       Tailslap          ||     5
  Use: Scroll            ||     7
       Potion            ||     6
 Stab: Sleeping          ||     1
  Eat: Ration            ||     2
Armor: Skin              ||    23
Dodge: Dodged            ||    34
